 Dungeon Crawl Stone Soup version 0.29.0-15-g675c0067aa (webtiles) character file.

Game seed: 10724624024626758370

409 qw the Chopper (level 6, -4/39 HPs)
             Began as a Gargoyle Fighter on Sept 12, 2022.
             Killed by divine providence
             ... invoked by an orc priest
              (10 damage)
             ... on level 4 of the Dungeon.
             The game lasted 00:01:11 (3701 turns).

qw the Chopper (Gargoyle Fighter)                   Turns: 3701, Time: 00:01:11

Health: -4/39      AC: 14    Str: 21    XL:     6   Next: 89%
Magic:  6/6        EV:  7    Int:  9    God:
Gold:   106        SH:  4    Dex:  9    Spells: 5/5 levels left

rFire   . . .      SeeInvis .   Y - +1 war axe
rCold   . . .      Faith    .   c - +0 buckler
rNeg    + . .      Spirit   .   j - +0 chain mail
rPois   inf        Reflect  .   (no helmet)
rElec   +          Harm     .   (no cloak)
rCorr   .          Rampage  .   (no gloves)
Will    .....                   g - +0 pair of boots
Stlth   ..........              (no amulet)
HPRegen 0.13/turn               (no ring)
MPRegen 0.10/turn               (no ring)

@: no status effects
A: sickness immunity, AC +4, negative energy resistance 1, electricity
resistance, torment resistance 1, petrification resistance
a: no special abilities


You were on level 4 of the Dungeon.
You visited 1 branch of the dungeon, and saw 4 of its levels.

You collected 155 gold pieces.
You spent 49 gold pieces at shops.


Innate Abilities, Weirdness & Mutations

You are immune to sickness and miasma.
Your stone body is resilient. (AC +4)
You are immune to poison.
You resist negative energy. (rN+)
You are resistant to electric shocks. (rElec)
You are resistant to unholy torment.
You are immune to petrification.


   Skills:
 - Level 4.5 Fighting
 + Level 5.8 Axes
 - Level 1.0 Throwing
 - Level 3.2 Armour
 - Level 3.2 Shields


You had 5 spell levels left.
You didn't know any spells.
Your spell library was empty.

Inventory:

Hand Weapons
 r - a +0 whip
 Y - a +1 war axe (weapon)
Missiles
 q - 3 boomerangs (quivered)
Armour
 c - a +0 buckler (worn)
 g - a +0 pair of boots (worn)
 j - a +0 chain mail (worn)
Jewellery
 t - a ring of fire
Scrolls
 e - a scroll of identify
 h - a scroll of blinking
Potions
 d - a potion of might
 k - a potion of curing {unknown}
 m - a potion of resistance
 n - a potion of magic {unknown}
 o - a potion of attraction {unknown}
 p - a potion of mutation {unknown}
 s - a potion of haste {unknown}

Dungeon Overview and Level Annotations

Branches:
Dungeon (4/15)
 Temple: D:4-7

Altars:
Qazlal

Shops:
D:1 (   D:2 [


Message History

The orc priest hits you but does no damage.
The gnoll hits you from afar with a +0 spear.
The orc hits you but does no damage.
You hit the orc.
You kill the orc!
You hit the orc priest. The orc priest barely misses you.
You block the gnoll's attack. You block the orc priest's attack.
The gnoll hits you but does no damage. The gnoll hits you with a +0 flail.
You closely miss the orc priest.
The orc priest is severely wounded.
You hit the gnoll.
The orc priest hits you but does no damage.
The gnoll hits you but does no damage. The gnoll hits you with a +0 flail!
You barely miss the orc priest.
The orc priest is severely wounded.
You slash the gnoll!
The orc priest hits you with a +0 hand axe.
The gnoll hits you from afar with a +0 spear.
The gnoll hits you but does no damage.
You hit the orc priest but do no damage.
The orc priest is severely wounded.
You hit the gnoll.
You kill the gnoll!
The orc priest calls down the wrath of Beogh upon you.
Pain shoots through your body! The gnoll hits you but does no damage.
The gnoll closely misses you. The orc priest barely misses you.
You barely miss the orc priest.
The orc priest is severely wounded.
The orc priest hits you but does no damage.
The gnoll hits you from afar with a +0 spear.
You hit the orc priest.
The orc priest is severely wounded.
The orc priest miscasts a cantrip.
The gnoll hits you but does no damage.
You closely miss the orc priest.
The orc priest is severely wounded.
The orc priest calls down the wrath of Beogh upon you.
Beogh smites you!
You die...

#.......... ..#
.##.....# #.# o.#
<.........###.####..#
.####..............o####
#..........#........
###.#%###..##)).#####
#.#)# #.g..........
#.#.# ##)###.###...
#.#.####@###.#
#.(<..)o...#
######.##### #.# #.# ...
... .... ...


You could see an orc priest and a gnoll.

Vanquished Creatures
  Sigmund (D:2)
  A phantom (D:4)
  An orc wizard (D:4)
  2 gnolls (D:4)
  4 adders
  A white imp (D:4)
  A worm (D:4)
  3 dart slugs
  6 orcs
  5 bats
  4 endoplasms
  2 giant cockroaches (D:1)
  6 goblins
  5 hobgoblins
  10 jackals
  2 quokkas (D:1)
  5 ball pythons
  3 frilled lizards
  9 kobolds
  6 rats
77 creatures vanquished.

Notes
Turn   | Place    | Note
-------+----------+-------------------------------------------
     0 | D:1      | qw the Gargoyle Fighter began the quest for the Orb.
     0 | D:1      | Reached XP level 1. HP: 14/14 MP: 1/1
     0 | D:1      | 0 ||| qw: Version: 0.1-a-119-g272c26d
     0 | D:1      | 0 ||| qw: Game counter: 10830
     0 | D:1      | 0 ||| qw: Always use a shield: true
     0 | D:1      | 0 ||| qw: God list: Okawaru
     0 | D:1      | 0 ||| qw: Allow faded altars: false
     0 | D:1      | 0 ||| qw: Do Orc after D:15 true
     0 | D:1      | 0 ||| qw: Do second Lair branch before Depths: true
     0 | D:1      | 0 ||| qw: Lair rune preference: random
     0 | D:1      | 0 ||| qw: Plans: Normal, Zot, God:TSO, Crypt, Tomb, Pan,
                  | Slime, Hells, Zig, Abyss, Orb
     0 | D:1      | 0 ||| PLANNING D:1-11
   224 | D:1      | Reached skill level 2 in Axes
   414 | D:1      | Reached XP level 2. HP: 19/19 MP: 2/2
   484 | D:1      | 484 ||| Stepping ~*~*~tactically~*~*~ (stealth).
   682 | D:1      | Found Asen's Weapon Emporium.
   691 | D:1      | 691 ||| SHOPLISTING +0 mace (33 gold, have 23).
   785 | D:1      | Found a faded altar of an unknown god.
   790 | D:1      | 790 ||| Stepping ~*~*~tactically~*~*~ (stealth).
   801 | D:1      | Reached skill level 3 in Axes
   888 | D:1      | Reached XP level 3. HP: 22/23 MP: 3/3
   939 | D:1      | 939 ||| Stepping ~*~*~tactically~*~*~ (stealth).
   941 | D:1      | 941 ||| Stepping ~*~*~tactically~*~*~ (stealth).
   942 | D:1      | 942 ||| Stepping ~*~*~tactically~*~*~ (stealth).
   981 | D:1      | 981 ||| DROPPING +0 club.
  1203 | D:1      | Reached skill level 1 in Throwing
  1475 | D:1      | 1475 ||| READING 2 scrolls labelled ODEANI XATEMNIS.
  1476 | D:1      | 1476 ||| READING scroll labelled CYSAIGHALL.
  1477 | D:1      | 1477 ||| READING 2 scrolls labelled DIB WISOSEDU.
  1478 | D:1      | 1478 ||| READING 2 scrolls labelled DONORA SAUN.
  1479 | D:1      | 1479 ||| READING scroll labelled NUODOT PIUX.
  1480 | D:1      | 1480 ||| READING scroll labelled GIH UVIMYCED.
  1485 | D:1      | 1485 ||| DROPPING scroll of noise.
  1486 | D:1      | 1486 ||| DROPPING scroll of amnesia.
  1569 | D:2      | 1569 ||| Stepping ~*~*~tactically~*~*~ (stealth).
  1655 | D:2      | 1655 ||| Stepping ~*~*~tactically~*~*~ (hiding).
  1750 | D:2      | Found Araob's Armour Shoppe.
  1756 | D:2      | 1756 ||| Stepping ~*~*~tactically~*~*~ (stealth).
  1757 | D:2      | 1757 ||| Stepping ~*~*~tactically~*~*~ (stealth).
  1818 | D:2      | 1818 ||| BUYING +0 pair of boots (49 gold).
  1818 | D:2      | Bought a +0 pair of boots for 49 gold pieces
  1929 | D:2      | 1929 ||| Stepping ~*~*~tactically~*~*~ (stealth).
  1933 | D:2      | Reached XP level 4. HP: 28/28 MP: 4/4
  2128 | D:2      | Noticed Sigmund
  2150 | D:2      | Killed Sigmund
  2151 | D:2      | Reached skill level 5 in Axes
  2151 | D:2      | Reached XP level 5. HP: 10/32 MP: 5/5
  2151 | D:2      | Reached XP level 6. HP: 12/37 MP: 6/6
  2411 | D:2      | 2411 ||| Stepping ~*~*~tactically~*~*~ (stealth).
  2670 | D:2      | 2670 ||| DROPPING orb of energy.
  2671 | D:2      | 2671 ||| UPGRADING to +0 pair of boots.
  2676 | D:2      | 2676 ||| UPGRADING to +0 chain mail.
  2686 | D:2      | 2686 ||| DROPPING +0 scale mail.
  2687 | D:2      | 2687 ||| READING 2 scrolls labelled HAPHEUXKUYGHA.
  2688 | D:2      | 2688 ||| DRINKING 3 sapphire potions.
  2689 | D:2      | 2689 ||| DRINKING 2 white potions.
  2690 | D:2      | 2690 ||| DROPPING 2 potions of brilliance.
  2739 | D:3      | Found a stormy altar of Qazlal.
  2741 | D:3      | Noticed an air elemental
  2741 | D:3      | Noticed a fire elemental
  2742 | D:3      | Noticed a water elemental
  2786 | D:3      | 2786 ||| Stepping ~*~*~tactically~*~*~ (stealth).
  3360 | D:3      | 3360 ||| DROPPING ring of flight.
  3361 | D:3      | 3361 ||| READING scroll labelled DUSTRO QOCLEMUOCH.
  3362 | D:3      | 3362 ||| READING scroll labelled PUBUDEINE.
  3363 | D:3      | 3363 ||| READING scroll labelled AGEDUEDOUCS.
  3364 | D:3      | 3364 ||| DRINKING 2 fizzy orange potions.
  3365 | D:3      | 3365 ||| DROPPING potion of flight.
  3567 | D:4      | 3567 ||| FLEEEEING.
  3568 | D:4      | 3568 ||| FLEEEEING.
  3569 | D:4      | 3569 ||| FLEEEEING.
  3570 | D:4      | 3570 ||| FLEEEEING.
  3571 | D:4      | 3571 ||| FLEEEEING.
  3572 | D:4      | 3572 ||| FLEEEEING.
  3573 | D:4      | 3573 ||| FLEEEEING.
  3574 | D:4      | 3574 ||| STAIRDANCE
  3659 | D:4      | 3659 ||| STAIRDANCE
  3681 | D:4      | HP: 8/39 [gnoll/+0 spear (4)]
  3682 | D:4      | 3682 ||| DRINKING potion of heal wounds.
  3696 | D:4      | HP: 9/39 [gnoll/+0 flail (8)]
  3701 | D:4      | Killed from afar by an orc priest

Levels and vault maps discovered:
D:1:      scummos_arrival_hexagon, layout_basic, ebering_ecumenical_altar_hall,
          serial_shops, nicolae_shop_bloodbath_and_beyond,
          minmay_small_reverse_x
D:2:      layout_basic, serial_shops, nicolae_shop_advertising_works
          [nicolae_subvault_shop_adworks], uniq_sigmund
D:3:      layout_loops_ring, nicolae_qazlal_style_of_elements
D:4:      layout_loops_ring

Skill      XL: |  1  2  3  4  5  6 |
---------------+-------------------+-----
Axes           | 2 3 5 |  5.8
Throwing       | 1 |  1.0
Fighting       | 4 |  4.5
Armour         | |  3.2
Shields        | |  3.2

Action                   |  1- 3 |  4- 6 || total
-------------------------+-------+-------++-------
Melee: War axe           |    93 |   118 ||   211
Throw: Javelin           |    33 |    10 ||    43
       Boomerang         |     1 |    21 ||    22
  Use: Scroll            |     6 |     4 ||    10
       Potion            |       |     4 ||     4
Armor: Scale mail        |    60 |    13 ||    73
       Chain mail        |       |    69 ||    69
Dodge: Dodged            |    55 |    45 ||   100
Block: Buckler           |    21 |    31 ||    52

Table legend:
 A = Non-vault XP
 B = Vault XP
 C = Vault XP percentage of total XP
 D = Non-vault monster count
 E = Vault monster count
 F = Vault count percentage of total count
                 A         B        C        D         E       F
            +---------+---------+-------+---------+---------+-------
      Total |     355 |     230 |  39.3 |      72 |       5 |   6.5
            +---------+---------+-------+---------+---------+-------
        D:1 |      44 |       7 |  13.7 |      26 |       4 |  13.3
        D:2 |      61 |     223 |  78.5 |      21 |       1 |   4.5
        D:3 |      34 |       0 |   0.0 |      12 |       0 |   0.0
        D:4 |     216 |       0 |   0.0 |      13 |       0 |   0.0
            +---------+---------+-------+---------+---------+-------
